 Dungeon Sprint DCSS version 0.30.0-29-ga12c61a403 (webtiles) character file.

Game seed: 5865866710844757118

71 Revguard the Trooper (level 4, -1/37 HPs)
             Began as a Demonspawn Fighter on June 19, 2023.
             Succumbed to a killer bee's poison
             ... in the Dungeon (Sprint IV: "Fedhas' Mad Dash").
             The game lasted 00:02:03 (185 turns).

Revguard the Trooper (Demonspawn Fighter)            Turns: 185, Time: 00:02:04

Health: -1/37      AC:  7    Str: 18    XL:     4   Next: 5%
Magic:  6/6        EV: 10    Int: 10    God:
Gold:   44         SH:  4    Dex: 12    Spells: 3/3 levels left

rFire   . . .        a - +0 war axe
rCold   . . .        c - +0 buckler
rNeg    . . .        b - +0 scale mail
rPois   .            (no helmet)
rElec   .            (no cloak)
rCorr   .            (no gloves)
SInv    .            (no boots)
Will    .....        e - amulet of invisibility {+Inv} Stlth
                     (no ring)
HPRegen 0.26/turn    (no ring)
MPRegen 0.10/turn

%: no teleportation
@: lethally poisoned (-1 -> -16), very slightly contaminated, invisible
(expiring)
A: demonic guardian 1, powered by death 1
a: Evoke Invisibility


You were in the Dungeon.
You visited 1 branch You collected 44 gold pieces.

Inventory:

Hand Weapons
 a - a +0 war axe (weapon)
Armour
 b - a +0 scale mail (worn)
 c - a +0 buckler (worn)
Jewellery
 e - the amulet of invisibility (around neck) {+Inv}
   (You found it in the Dungeon)

   [amulet of nothing]

   +Inv:      It lets you turn invisible.
Scrolls
 j - a scroll of blinking
Potions
 d - a potion of might
 f - 2 potions of mutation {unknown}
 g - a potion of haste
 h - 2 potions of magic
 i - a potion of berserk rage


   Skills:
 + Level 4.2 Fighting
 + Level 3.2 Axes
 + Level 3.8 Armour
 + Level 2.3 Dodging
 + Level 3.8 Shields
 + Level 3.5 Invocations
 + Level 2.6 Evocations


You had 3 spell levels left.
You didn't know any spells.
Your spell library was empty.

Dungeon Overview and Level Annotations

Branches:
Dungeon (1/1)

Altars:
Cheibriados
Gozag
Hepliaklqana
Makhleb
Nemelex Xobeh
Ru
Sif Muna
Trog
Wu Jian
Xom
Yredelemnul
Jiyva

Annotations:
D exclusion: 3 oklob saplings


Innate Abilities, Weirdness & Mutations

A weak demonic guardian rushes to your aid.
You regenerate a little health from kills.


Message History

The killer bee buzzes angrily.
The queen bee buzzes angrily.
The killer bee buzzes angrily. x2
The killer bee barely misses you. The killer bee completely misses you.
The killer bee stings you but does no damage.
You catch the helpless killer bee completely off-guard!
You slash the killer bee!
The killer bee is severely wounded.
You barely miss the killer bee.
You flicker for a moment.
The killer bee buzzes angrily.
The queen bee buzzes angrily.
The killer bee closely misses you.
The killer bee buzzes angrily.
You miss the killer bee.
The killer bee is severely wounded.
You closely miss the killer bee.
The queen bee buzzes angrily.
The killer bee barely misses you. The killer bee stings you.
A demonic guardian appears!
The killer bee completely misses you. You block the killer bee's attack.
The killer bee closely misses you. The killer bee barely misses you.
You hit the queen bee but do no damage. You barely miss the killer bee.
You miss the killer bee. x2; The killer bee stings you!
You are poisoned.
The killer bee poisons you! The killer bee misses you.
The killer bee stings you.
The killer bee stings you but does no damage.
The killer bee closely misses you. The killer bee stings you.
The queen bee barely misses you. You block the killer bee's attack.
The killer bee stings you!
* * * LOW HITPOINT WARNING * * *
You are more poisoned.
The killer bee poisons you! You block the killer bee's attack.
You catch the helpless queen bee completely off-guard!
You slash the queen bee!
The queen bee is moderately wounded.
You hit the killer bee.
You catch the helpless killer bee completely off-guard!
You hit the killer bee but do no damage.
You hit the killer bee.
You die...

#######################
#<...#.....#.....#.⌠._.
#....'.†...'.#†[.+.._._
#P...#.....#P#...#..._.
###############'##.._._
#...♣yy......+...#._._.
#...yy@♣.....#$P$######
#....y♣5.♣..######
##+####+#####


You could see a queen bee (unable to see you), 4 killer bees and a friendly
quasit (summoned).

Vanquished Creatures
  A scorpion (D)
  A river rat (D)
  A rat (D)
3 creatures vanquished.

Notes
Turn   | Place    | Note
-------+----------+-------------------------------------------
     0 | D        | Revguard the Demonspawn Fighter began the quest for the
                  | Orb.
     0 | D        | Reached XP level 1. HP: 18/18 MP: 1/1
    25 | D        | Reached skill level 1 in Dodging
    25 | D        | Reached skill level 1 in Invocations
    25 | D        | Reached skill level 1 in Evocations
    25 | D        | Gained mutation: You regenerate a little health from kills.
                  | [demonic ancestry]
    25 | D        | Reached XP level 2. HP: 23/24 MP: 1/3
    31 | D        | Noticed an oklob sapling
    92 | D        | Noticed a scorpion
    92 | D        | Found the amulet of invisibility {+Inv}
   113 | D        | Killed a scorpion
   114 | D        | Reached skill level 4 in Fighting
   114 | D        | Gained mutation: A weak demonic guardian rushes to your
                  | aid. [demonic ancestry]
   114 | D        | Reached XP level 3. HP: 20/30 MP: 3/5
   114 | D        | Reached XP level 4. HP: 25/37 MP: 3/6
   162 | D        | Found an opulent altar of Gozag.
   162 | D        | Found a hazy altar of Hepliaklqana.
   162 | D        | Found a snail-covered altar of Cheibriados.
   163 | D        | Found a viscous altar of Jiyva.
   163 | D        | Found a burning altar of Makhleb.
   163 | D        | Found a sparkling altar of Nemelex Xobeh.
   163 | D        | Found a sacrificial altar of Ru.
   163 | D        | Found a shimmering blue altar of Sif Muna.
   163 | D        | Found a bloodstained altar of Trog.
   163 | D        | Found an ornate altar of the Wu Jian Council.
   163 | D        | Found a shimmering altar of Xom.
   163 | D        | Found a basalt altar of Yredelemnul.
   178 | D        | Noticed a queen bee
   185 | D        | Succumbed to a killer bee's poison

Illustrated notes

Levels and vault maps discovered:
D:        dungeon_sprint_fedhas [sprint_temple]

Skill      XL: |  1  2 |
---------------+-------+-----
Axes           | 2 3 |  3.2
Armour         | 3 |  3.8
Dodging        | 1 2 |  2.3
Shields        | 3 |  3.8
Invocations    | 1 3 |  3.5
Evocations     | 1 2 |  2.6
Fighting       | 4 |  4.2

Action                     |  1- 3 |  4- 6 || total
---------------------------+-------+-------++-------
  Melee: War axe           |    35 |     4 ||    39
Ability: Evoke Invisibilit |       |     1 ||     1
    Use: Potion            |     3 |       ||     3
   Stab: Invisible         |       |     3 ||     3
 Armour: Scale mail        |    17 |     2 ||    19
  Dodge: Dodged            |    16 |    11 ||    27
  Block: Buckler           |     7 |     3 ||    10
